 Dungeon Crawl Stone Soup version 0.31-a0-1159-g800acc2fd1 (webtiles) character file.

Game seed: 702186090459233533

56 James the Ruffian (level 3, 0/23 HPs)
             Began as an Octopode Shapeshifter on Dec 8, 2023.
             Slain by an adder skeleton (2 damage)
             ... on level 2 of the Dungeon.
             The game lasted 00:01:37 (734 turns).

James the Ruffian (Octopode Shapeshifter)            Turns: 734, Time: 00:01:37

Health: 0/23       AC:  1    Str: 15    XL:     3   Next: 95%
Magic:  3/3        EV: 13    Int: 12    God:
Gold:   63         SH:  0    Dex: 11    Spells: 2/2 levels left

rFire   . .          .
                       - Unarmed
rCold   . . .        (no shield)
rNeg    . . .        (helmet currently unavailable)
rPois   .            (no amulet)
rElec   .            (no ring)
rCorr   .            (no ring)
SInv    .            (no ring)
Will    .....        (no ring)
Stlth   ++           (no ring)
HPRegen 0.23/turn    (no ring)
MPRegen 0.08/turn    (no ring)
                     (no ring)

%: no passive effects
@: beast-form
A: beast (slay +1), almost no armour, amphibious, 8 rings, camouflage 1,
gelatinous body 1, (nimble swimmer 1), tentacles
a: Begin Untransformation


You were on level 2 of the Dungeon.
You were a hulking beast.
You visited 1 branch of the dungeon, and saw 2 of its levels.

You collected 63 gold pieces.

Inventory:

Missiles
 e - 20 stones
 h - 2 javelins
Talismans
 b - a beast talisman
 c - a flux talisman
Scrolls
 d - a scroll of identify {unknown}
 l - a scroll of blinking {unknown}
Potions
 a - a potion of lignification {!q}
 f - 2 potions of degeneration {unknown}
 g - a potion of resistance {unknown}
 i - a potion of enlightenment {unknown}
 j - a potion of ambrosia {unknown}
 k - a potion of curing {unknown}


   Skills:
 - Level 1.0 Fighting
 - Level 2.0 Dodging
 + Level 4.7 Unarmed Combat
 - Level 3.0 Shapeshifting


You had 2 spell levels left.
You didn't know any spells.
Your spell library was empty.

Dungeon Overview and Level Annotations

Branches:
Dungeon (2/15)

Altars:


Innate Abilities, Weirdness & Mutations

You are a hulking beast.
Your limbs bulge with bestial killing power. (Slay +1)
You cannot wear most types of armour.
You are amphibious.
You can wear up to eight rings at the same time.
Your skin changes colour to match your surroundings (Stealth+).
Your rubbery body absorbs attacks. (AC +1, EV +1)
((You are camouflaged when in or above water. (Stealth+)))
You have tentacles for arms and can constrict up to eight enemies at once.


Message History

You tentacle-slap Natasha. Your grab misses Natasha.
The withered plant crumbles away.
Natasha casts a spell at you. The magic dart hits you!
The adder skeleton bites the withered plant.
You closely miss Natasha. Your grab misses Natasha.
The adder zombie completely misses the withered plant.
The adder skeleton bites the withered plant. x2
Natasha closely misses you.
You tentacle-slap Natasha. You grab Natasha. You constrict Natasha.
The withered plant crumbles away. x2
The adder zombie bites the withered plant.
The withered plant begins to crumble.
The adder skeleton bites the withered plant.
Natasha claws you.
* * * LOW HITPOINT WARNING * * *
You tentacle-slap Natasha.
You kill Natasha!
Natasha growls in agony!
The withered plant crumbles away.
The adder skeleton bites the withered plant.
The withered plant begins to crumble.
You bludgeon the adder zombie! Your grab misses the adder zombie.
You squeeze the adder zombie. The adder zombie misses you.
The spectral jackal bites the withered plant.
The withered plant begins to crumble.
You tentacle-slap the adder zombie.
You destroy the adder zombie!
The spectral jackal bites the withered plant.
You tentacle-slap the adder skeleton. You grab the adder skeleton.
You constrict the adder skeleton. The adder skeleton bites you.
* * * LOW HITPOINT WARNING * * *
The spectral jackal bites the withered plant.
The adder skeleton bites the withered plant.
You barely miss the adder skeleton. You constrict the adder skeleton.
The withered plant crumbles away.
The adder skeleton bites you.
* * * LOW HITPOINT WARNING * * *
The spectral jackal barely misses you.
You tentacle-slap the adder skeleton. You squeeze the adder skeleton!
You destroy the adder skeleton!
The withered plant crumbles away. x2; The spectral jackal closely misses you.
Unknown command.
You barely miss the adder skeleton. You grab the adder skeleton.
Your squeeze misses the adder skeleton. You constrict the adder skeleton.
The adder skeleton bites you.
* * * LOW HITPOINT WARNING * * *
The spectral jackal bites you but does no damage.
You bludgeon the adder skeleton! You constrict the adder skeleton.
The adder skeleton bites you.
You die...
P....P P..)8 ♣♣.... ♣.... ♣♣... ♣...♣ ♣.ZZ♣ ♣PhP♣

#♣...♣ #..P♣♣
#..♣♣ .......
##+## ##.##
#.......##....
#...#
#.......##....
#...#
#.......##....
#...#
#.......#.....
#...#
#.............


You could see a spectral jackal and an adder skeleton.

Vanquished Creatures
  Natasha (D:2)
  An adder zombie (D:2)
  2 adder skeletons (D:2)
  A dart slug (D:1)
  A ball python (D:1)
  A bat zombie (D:2)
  3 endoplasms (D:1)
  3 goblins
  3 hobgoblins (D:1)
  A frilled lizard (D:1)
  2 rats
19 creatures vanquished.

Notes
Turn   | Place    | Note
-------+----------+-------------------------------------------
     0 | D:1      | James the Octopode Shapeshifter began the quest for the
                  | Orb.
     0 | D:1      | Reached XP level 1. HP: 13/13 MP: 1/1
   185 | D:1      | Reached XP level 2. HP: 18/18 MP: 2/2
   636 | D:2      | Found a faded altar of an unknown god.
   715 | D:2      | Noticed Natasha
   721 | D:2      | Reached skill level 4 in Unarmed Combat
   724 | D:2      | Reached XP level 3. HP: 23/23 MP: 3/3
   727 | D:2      | Killed Natasha
   734 | D:2      | Slain by an adder skeleton

Illustrated notes

Levels and vault maps discovered:
D:1:      heliophobic_arrival_dark_side_of_the_moon, layout_loops_ring
D:2:      layout_basic, ebering_ecumenical_altar_box, dilly_guarded_unrand_morg

Skill      XL: |  1  2 |
---------------+-------+-----
Unarmed Combat | 4 |  4.7
Fighting       | |  1.0
Dodging        | |  2.0
Shapeshifting  | |  3.0

Action                     || total
---------------------------++-------
  Melee: Unarmed           ||    37
         Constrict         ||     9
         Tentacles         ||     5
   Stab: Sleeping          ||     4
 Armour: Skin              ||    14
  Dodge: Dodged            ||    17

Table legend: (Time is in decaauts)
 A = Elapsed time spent in this place.
 B = Non-inter-level travel time spent in this place.
 C = Inter-level travel time spent in this place.
 D = Time resting spent in this place.
 E = Time spent auto-exploring this place.
 F = Levels seen in this place.
 G = Mean time per level.
                   A        B        C        D        E       F      G
               +--------+--------+--------+--------+--------+-----+--------+
         Total |    730 |    702 |     28 |      0 |    529 |   2 |  365.0 |
       Dungeon |    730 |    702 |     28 |      0 |    529 |   2 |  365.0 |
               +--------+--------+--------+--------+--------+-----+--------+

Top non-repeatable levels by time:
     D:1: 646 daAuts
     D:2: 84 daAuts
